 Dungeon Crawl Stone Soup version 0.22-a0-266-g5fdf0d7 (webtiles) character file.

12359 Ijustatesigmund the Basher (level 11, -9/73 HPs)
             Began as a Gargoyle Fighter on Mar 8, 2018.
             Was a High Priest of Okawaru.
             Mangled by Rupert
             ... wielding a +0 great mace of draining
              (15 damage)
             ... on level 12 of the Dungeon.
             The game lasted 00:26:57 (11955 turns).

Ijustatesigmund the Basher (Gargoyle Fighter)      Turns: 11955, Time: 00:26:57

Health: -9/73      AC: 29    Str: 20    XL:     11   Next: 92%
Magic:  0/18       EV: 11    Int:  9    God:    Okawaru [*****.]
Gold:   1144       SH: 12    Dex: 12    Spells: 10/10 levels left

rFire    . . .     SeeInvis .   a - +1 morningstar
rCold    . . .     Gourm    .   c - +0 shield
rNeg     + . .     Faith    .   b - +0 chain mail
rPois    ∞         Spirit   +   k - +0 helmet
rElec    +         Reflect  .   u - +1 cloak {MR+}
rCorr    .         Harm     .   j - +1 pair of gloves
MR       +....                  z - +1 pair of boots
Stlth    ..........             l - amulet of guardian spirit
HPRegen  0.22/turn              (no ring)
MPRegen  0.16/turn              (no ring)

@: heroism
A: hooves 1, mutation resistance 1, negative energy resistance 1, electricity
resistance, unbreathing, petrification resistance, rot immunity, AC +8
a: Heroism, Finesse, Renounce Religion


You were on level 12 of the Dungeon.
You worshipped Okawaru.
Okawaru was extremely pleased with you.
You were not hungry.

You visited 1 branch of the dungeon, and saw 12 of its levels.
You also visited: Sewer and Bailey.

You collected 1144 gold pieces.

Inventory:

Hand Weapons
 a - a +1 morningstar (weapon)
 n - a +0 mace of holy wrath
 x - a +1 whip of flaming
Armour
 b - a +0 chain mail (worn)
 c - a +0 shield (worn)
 j - a +1 pair of gloves (worn)
 k - a +0 helmet (worn)
 u - a +1 cloak of magic resistance (worn)
 z - a +1 pair of boots (worn)
Jewellery
 l - an amulet of guardian spirit (around neck)
 m - an uncursed ring of ice
Wands
 p - a wand of flame (60)
 r - a wand of random effects (14)
 w - a wand of iceblast (1)
 D - a wand of paralysis (19)
Scrolls
 t - 5 scrolls of remove curse
 v - 6 scrolls of identify
 y - a scroll of random uselessness
 A - 3 scrolls of teleportation
 C - a scroll of magic mapping
Potions
 d - 2 potions of resistance
 e - a potion of heal wounds
 g - a potion of ambrosia
 h - a potion of brilliance
 i - 2 potions of lignification
 o - 2 potions of flight
 q - a potion of agility
 s - 6 potions of curing
Comestibles
 f - 5 rations


   Skills:
 + Level 10.5(15.5) Fighting
 + Level 11.0(16.0) Maces & Flails
 - Level 6.3(11.3) Armour
 - Level 3.8(8.8) Dodging
 - Level 6.3(11.3) Shields
 + Level 9.5 Invocations


You had 10 spell levels left.
You didn't know any spells.

Dungeon Overview and Level Annotations

Branches:
Dungeon (12/15)            Temple (0/1) D:7            Lair (0/6) D:9
    Orc (0/2) D:9

Altars:
Fedhas
Makhleb
Okawaru
Yredelemnul
Beogh

Shops:
D:12 *

Annotations:
D:12 Rupert


Innate Abilities, Weirdness & Mutations

You are resistant to torment.
Your stone body is resilient. (AC +8)
You are immune to poison.
You resist negative energy. (rN+)
You are resistant to electric shocks. (rElec)
You can survive without breathing.
You are immune to petrification.
You are immune to rotting.
You have large cloven feet.
You are somewhat resistant to further mutation.


Message History

You are too injured to fight recklessly!
You are too injured to fight recklessly!
You are too injured to fight recklessly!
You are too injured to fight recklessly!
You are too injured to fight recklessly!
You are too injured to fight recklessly!
You are too injured to fight recklessly!
You gain the combat prowess of a mighty hero.
Rupert hits you with a great mace of draining.
Okay, then.
You bludgeon Rupert!!
Rupert is moderately wounded.
You hear a shout!
Rupert hits you with a great mace of draining!!
* * * LOW HITPOINT WARNING * * *
A kobold comes into view. It is wielding a short sword.
You thump Rupert!
Rupert is moderately wounded.
Rupert hits you with a great mace of draining!
You die...

...........)######.
##......)((<..(.(....
#.....(...(.(.......
#....###.#########.#
#....# #.# .# #....# #.#
.#### #....# #.# ....#
#....###.#########..#.###
####>..†.......@@FK......
###############F##K##.
... ..... ....... ....⌠.⌠
K....∩. ....⌠.⌠


You could see Rupert (berserk), a big kobold, 2 bullfrogs and a kobold.

Vanquished Creatures
  4 two-headed ogres
  Pikel (D:7)
  A centaur skeleton (D:12)
  2 trolls
  A hippogriff (D:10)
  A wyvern (D:10)
  3 basilisks (D:9)
  2 hungry ghosts
  3 vampire mosquitoes (D:12)
  Menkaure (D:6)
  3 porcupines (D:9)
  Duvessa (D:7)
  3 orc warriors
  4 sky beasts
  3 ice beasts
  A black bear (D:9)
  A necrophage (D:7)
  An ogre (D:7)
  2 phantoms
  13 centaurs
  The ghost of anet the Magician, an amateur GnWz (D:4)
  4 wolves (D:9)
  2 big kobolds
  A crocodile (D:8)
  9 bullfrogs
  8 gnoll sergeants (Bailey)
  Dowan (D:7)
  2 water moccasin skeletons
  A scorpion (D:5)
  9 killer bees
  8 wights
  4 howler monkeys
  3 jellies
  A quasit (D:9)
  4 hounds
  12 orc wizards
  6 gnoll shamans (Bailey)
  7 orc priests
  A bullfrog skeleton (D:11)
  Terence (D:2)
  2 iguanas
  4 worker ants
  A killer bee zombie (D:6)
  2 hound skeletons
  A howler monkey zombie (D:7)
  A howler monkey skeleton (D:4)
  17 gnolls
  11 adders
  A river rat (Sewer)
  3 shadow imps
  3 adder zombies
  2 worms
  7 leopard geckos
  42 orcs
  6 bats
  A giant cockroach (D:3)
  5 goblins
  7 hobgoblins
  6 jackals
  3 quokkas
  3 frilled lizards
  8 kobolds
  A leopard gecko skeleton (D:5)
  A quokka skeleton (D:5)
  A quokka zombie (D:9)
  11 rats
286 creatures vanquished.

Vanquished Creatures (others)
  A jelly (D:7)
  A fungus (D:9)
2 creatures vanquished.

Grand Total: 288 creatures vanquished

Notes
Turn   | Place    | Note
-------+----------+-------------------------------------------
     0 | D:1      | Ijustatesigmund the Gargoyle Fighter began the quest for the Orb.
     0 | D:1      | Reached XP level 1. HP: 14/14 MP: 1/1
   220 | D:1      | Reached XP level 2. HP: 7/19 MP: 2/2
  1001 | D:2      | Reached skill level 3 in Maces & Flails
  1036 | D:2      | Reached XP level 3. HP: 24/24 MP: 3/3
  1143 | D:2      | Noticed Terence
  1161 | D:2      | Killed Terence
  1161 | D:2      | Reached XP level 4. HP: 20/29 MP: 4/4
  2051 | D:3      | You fall through a shaft!
  2281 | D:4      | Reached skill level 4 in Maces & Flails
  2314 | D:4      | Reached XP level 5. HP: 30/34 MP: 5/5
  2621 | D:3      | Found an iron altar of Okawaru.
  2627 | D:3      | Became a worshipper of Warmaster Okawaru
  2825 | D:4      | Found a basalt altar of Yredelemnul.
  3073 | D:4      | Reached skill level 1 in Invocations
  3327 | D:4      | Noticed anet's ghost (amateur GnWz)
  3339 | D:4      | Killed anet's ghost
  3339 | D:4      | Reached skill level 5 in Maces & Flails
  3339 | D:4      | Reached XP level 6. HP: 40/40 MP: 5/7
  3394 | D:5      | Entered Level 5 of the Dungeon
  3417 | D:5      | Reached * piety under Okawaru
  3417 | D:5      | Reached skill level 5 in Fighting
  3622 | D:5      | Reached XP level 7. HP: 23/44 MP: 4/8
  3685 | D:5      | Noticed a hungry ghost
  3711 | D:5      | Killed a hungry ghost
  3711 | D:5      | Reached skill level 6 in Maces & Flails
  4059 | D:5      | Found a glowing drain.
  4076 | Sewer    | Entered a sewer
  4300 | Sewer    | Found a white marble altar of Elyvilon.
  4388 | D:6      | Found a burning altar of Makhleb.
  4492 | D:6      | Reached XP level 8. HP: 27/51 MP: 5/10
  4499 | D:6      | Reached ** piety under Okawaru
  4510 | D:6      | Reached skill level 7 in Maces & Flails
  4641 | D:6      | Noticed Menkaure
  4644 | D:6      | Killed Menkaure
  5291 | D:6      | Reached skill level 8 in Maces & Flails
  5298 | D:6      | Reached skill level 5 in Invocations
  5338 | D:7      | Reached *** piety under Okawaru
  5338 | D:7      | Reached XP level 9. HP: 38/57 MP: 9/12
  5476 | D:7      | Found a staircase to the Ecumenical Temple.
  5601 | D:7      | Reached skill level 1 in Dodging
  5798 | D:7      | Found a transporter.
  5850 | D:7      | Noticed Duvessa
  5851 | D:7      | Noticed Dowan
  5861 | D:7      | Noticed Pikel
  5866 | D:7      | Killed Duvessa
  5867 | D:7      | Noticed a troll
  5881 | D:7      | Killed Pikel
  5881 | D:7      | Reached **** piety under Okawaru
  5881 | D:7      | Reached skill level 5 in Shields
  5888 | D:7      | Killed Dowan
  5888 | D:7      | Reached skill level 5 in Armour
  6159 | D:8      | Found a flagged portal.
  6247 | Bailey   | Entered a bailey
  6614 | Bailey   | Received a gift from Okawaru
  6657 | Bailey   | Reached XP level 10. HP: 39/63 MP: 11/14
  7780 | D:8      | Noticed a two-headed ogre
  7804 | D:8      | Killed a two-headed ogre
  7804 | D:8      | Reached skill level 9 in Maces & Flails
  8314 | D:7      | Found a roughly hewn altar of Beogh.
  8445 | D:7      | Found a transporter.
  8449 | D:7      | Identified Akleg's Guide on the Dislocated Birds
  8869 | D:9      | Reached XP level 11. HP: 25/69 MP: 4/16
  9135 | D:9      | Found a staircase to the Lair.
  9165 | D:9      | Found a staircase to the Orcish Mines.
  9204 | D:9      | Noticed a two-headed ogre
  9215 | D:9      | Killed a two-headed ogre
  9215 | D:9      | Reached ***** piety under Okawaru
  9215 | D:9      | Reached skill level 10 in Maces & Flails
  9619 | D:10     | Entered Level 10 of the Dungeon
  9852 | D:10     | Found a blossoming altar of Fedhas.
 10001 | D:10     | Noticed a two-headed ogre
 10017 | D:10     | Killed a two-headed ogre
 10266 | D:10     | Reached skill level 10 in Fighting
 10302 | D:10     | Noticed a two-headed ogre
 10313 | D:10     | Killed a two-headed ogre
 10387 | D:10     | Gained mutation: You have large cloven feet. [potion of mutation]
 10387 | D:10     | Gained mutation: You are somewhat resistant to further mutation. [potion of mutation]
 11936 | D:12     | Found Ziebluwn's General Store.
 11937 | D:12     | Noticed Rupert
 11947 | D:12     | Reached skill level 11 in Maces & Flails
 11955 | D:12     | Mangled by Rupert

Vault maps used:
D:1:      lemuel_arrival_broad_hall
D:2:      hex_medium, uniq_terence
D:3:      okawaru_ov_weapons_minmay
D:4:      yredelemnul_altar_generic
D:5:      portal_sewer_entry_b, first_ration
D:6:      bloody_makhleb, uniq_menkaure
D:7:      gammafunk_beogh_shrine, minmay_temple_entry_trees, uniq_pikel,
          uniq_duvessa
D:8:      enter_bailey_2
D:9:      minmay_lair_entry_grove, david_orc_3
D:10:     grunt_pizzeria, fedhas_altar_3
D:11:     minivault_11
D:12:     serial_shops, shop_fountains, shop, uniq_rupert
Sewer:    sewer_kobolds
Bailey:   bailey_polearm_gnolls_kennysheep, bailey

Skill      XL: |  1  2  3  4  5  6  7  8  9 10 11 |
---------------+----------------------------------+-----
Maces & Flails | 3 4 5 6 8 9 11 | 11.0
Fighting       | 4 5 6 7 8 10 | 10.5
Invocations    | 1 2 3 5 7 9 |  9.5
Dodging        | 3 |  3.8
Shields        | 5 6 |  6.3
Armour         | 5 6 |  6.3

Action                   |  1- 3 |  4- 6 |  7- 9 | 10-12 || total
-------------------------+-------+-------+-------+-------++-------
Melee: Flail             |   105 |   191 |   566 |   753 ||  1615
       Morningstar       |       |       |       |    81 ||    81
       Kick              |       |       |       |     1 ||     1
Invok: Heroism           |       |       |     9 |    13 ||    22
Evoke: Wand              |       |       |     5 |    11 ||    16
  Use: Scroll            |     2 |     7 |    10 |     3 ||    22
       Potion            |       |     1 |     1 |     3 ||     5
  Eat: Chunk             |     1 |     5 |     6 |    12 ||    24
       Ration            |       |     1 |     3 |     4 ||     8
Armor: Scale mail        |    80 |    17 |       |       ||    97
       Chain mail        |       |    66 |   409 |   484 ||   959
Dodge: Dodged            |    46 |    31 |   159 |   255 ||   491
Block: Shield            |    66 |    81 |   325 |   528 ||  1000

Table legend:
 A = Spawn XP
 B = Non-spawn XP
 C = Spawn XP percentage of total XP
 D = Spawn monster count
 E = Non-spawn monster count
 F = Spawn count percentage of total count
 G = Total turns spent on level
                    A         B        C        D         E        F      G
               +---------+---------+-------+---------+---------+-------+---------
         Total |       0 |   17657 |   0.0 |       0 |     286 |   0.0 | 11955
               +---------+---------+-------+---------+---------+-------+---------
           D:1 |       0 |      26 |   0.0 |       0 |      15 |   0.0 |   895
           D:2 |       0 |      65 |   0.0 |       0 |      11 |   0.0 |  1085
           D:3 |       0 |      16 |   0.0 |       0 |      11 |   0.0 |   534
           D:4 |       0 |     319 |   0.0 |       0 |      15 |   0.0 |   880
           D:5 |       0 |     428 |   0.0 |       0 |      21 |   0.0 |   714
           D:6 |       0 |    1220 |   0.0 |       0 |      24 |   0.0 |   926
           D:7 |       0 |    2738 |   0.0 |       0 |      42 |   0.0 |  1096
           D:8 |       0 |    1732 |   0.0 |       0 |      19 |   0.0 |   894
           D:9 |       0 |    3548 |   0.0 |       0 |      34 |   0.0 |  1065
          D:10 |       0 |    3847 |   0.0 |       0 |      29 |   0.0 |   793
          D:11 |       0 |    1002 |   0.0 |       0 |      17 |   0.0 |  1444
          D:12 |       0 |    1385 |   0.0 |       0 |       8 |   0.0 |    99
         Sewer |       0 |     127 |   0.0 |       0 |      10 |   0.0 |   270
        Bailey |       0 |    1204 |   0.0 |       0 |      30 |   0.0 |  1260
               +---------+---------+-------+---------+---------+-------+---------
